 Dungeon Crawl Stone Soup version 0.18.1-6-gd335043 (webtiles) character file.

81 epen the Skirmisher (level 4, -2/37 HPs)
             Began as a Merfolk Wanderer on May 16, 2016.
             Killed by nerve-wracking pain
             ... invoked by an orc priest
              (10 damage)
             ... on level 3 of the Dungeon.
             The game lasted 00:02:46 (1441 turns).

epen the Skirmisher (Merfolk Wanderer)              Turns: 1441, Time: 00:02:47

Health: -2/37      AC:  9    Str: 14    XL:     4   Next: 40%
Magic:  4/4        EV:  9    Int: 11    God:
Gold:   150        SH:  0    Dex: 16    Spells: 0 memorised, 3 levels left

rFire  . . .     SeeInvis .     m - +0 dagger (speed)
rCold  . . .     Gourm    .     t - +0 scale mail
rNeg   . . .     Faith    .     (no shield)
rPois  .         Spirit   .     s - +0 helmet
rElec  .         Dismiss  .     y - +0 cloak
rCorr  .         Reflect  .     (no gloves)
SustAt .         Harm     .     A - +0 pair of boots
MR     .....                    (no amulet)
Stlth  ..........               (no ring)
                                p - +4 ring of dexterity

@: heavily drained, not resistant to hostile enchantments, extremely unstealthy
A: change form in water, swift swim
a: no special abilities


You were on level 3 of the Dungeon.
You were hungry.

You visited 1 branch of the dungeon, and saw 3 of its levels.

You collected 150 gold pieces.

Inventory:

Hand Weapons
 a - a +2 hand crossbow
 m - a +0 dagger of speed (weapon)
Armour
 d - a +0 robe
 s - a +0 helmet (worn)
 t - a +0 scale mail (worn)
 y - a +0 cloak (worn)
 A - a +0 pair of boots (worn)
Jewellery
 p - a +4 ring of dexterity (left hand)
Scrolls
 e - 2 scrolls of enchant armour {unknown}
 g - 7 scrolls of identify {unknown}
 h - 2 scrolls of enchant weapon {unknown}
 i - a scroll of recharging {unknown}
 j - a scroll of magic mapping {unknown}
 k - a scroll of immolation {unknown}
 n - a scroll of blinking {unknown}
 q - a scroll of fog {unknown}
 u - a scroll of remove curse {unknown}
 B - 2 scrolls of teleportation {unknown}
Potions
 c - 4 potions of curing
 l - 2 potions of berserk rage {unknown}
 o - a potion of heal wounds {unknown}
 r - a potion of mutation {unknown}
 x - a potion of cure mutation {unknown}
 z - a potion of magic {unknown}
 C - a potion of cancellation {unknown}
Comestibles
 f - 3 bread rations
 v - a meat ration
 w - a beef jerky


   Skills:
 * Level 3.9(2.2) Fighting
   Level 1.0(0.0) Maces & Flails
 + Level 3.0(1.4) Crossbows
 * Level 1.5(0.0) Armour
 * Level 2.6(1.0) Dodging
 - Level 1.1(0.0) Stealth
   Level 1.0(0.0) Evocations


You had 3 spell levels left.
You didn't know any spells.

Dungeon Overview and Level Annotations

Branches:
Dungeon (3/15)

Altars:
Kikubaaqudgha


Message History

The orc wizard is severely wounded.
The orc wizard hits you with a dagger of draining.
* * * LOW HITPOINT WARNING * * *
You feel drained.
* * * LOW HITPOINT WARNING * * *
Unknown command.
You hit the orc priest but do no damage.
The orc priest is almost dead.
The orc wizard barely misses you.
The orc priest hits you but does no damage.
The orc closely misses you.
You closely miss the orc priest.
The orc priest is almost dead.
The orc wizard barely misses you.
You hit the orc priest but do no damage.
The orc priest is almost dead.
The orc wizard barely misses you.
The orc priest mumbles some strange prayers to Beogh against you.
Pain shoots through your body!
You die...

... ## ##.## .# #
..)# .#. #..# #.#
#..# #.###..#
#.#......########.#.#
#.#..........@o?....#
#.#.####.....oo##.###
#.#.# #..####(# #.#.#
#..# (# ###.#.####..#
.# ##...........# ..
............## .(
....######### .(.
.#..#


You could see an orc priest, an orc wizard and an orc.

Vanquished Creatures
  Crazy Yiuf (D:2)
  An adder (D:2)
  A worm (D:2)
  6 bats
  5 giant cockroaches
  9 goblins
  4 hobgoblins (D:2)
  A ball python (D:2)
  2 giant newts
  4 kobolds
  6 rats
40 creatures vanquished.

Notes
Turn   | Place    | Note
--------------------------------------------------------------
     0 | D:1      | epen the Merfolk Wanderer began the quest for the Orb.
     0 | D:1      | epen set off with: a +2 hand crossbow, 23 bolts, 2 potions of curing, a +0 robe, a bread ration
     0 | D:1      | Reached XP level 1. HP: 18/18 MP: 1/1
    69 | D:1      | Reached skill level 1 in Dodging
   125 | D:1      | Reached XP level 2. HP: 24/24 MP: 2/2
   582 | D:2      | Reached XP level 3. HP: 29/29 MP: 3/3
   853 | D:2      | Found an ancient bone altar of Kikubaaqudgha.
  1096 | D:2      | Noticed Crazy Yiuf
  1103 | D:2      | Killed Crazy Yiuf
  1103 | D:2      | Reached XP level 4. HP: 27/37 MP: 4/4
  1441 | D:3      | Killed from afar by an orc priest

Skill      XL: |  1  2  3  4 |
---------------+-------------+-----
Dodging        | 1 2 |  2.6
Crossbows      | 3 |  3.0
Fighting       | |  3.9
Maces & Flails | |  1.0
Armour         | |  1.5
Stealth        | |  1.1
Evocations     | |  1.0

Action                   |  1- 3 |  4- 6 || total
-------------------------+-------+-------++-------
Melee: Dagger            |       |     5 ||     5
 Fire: Hand crossbow     |    74 |    30 ||   104
  Eat: Chunk             |       |     1 ||     1
Armor: Scale mail        |       |    16 ||    16
Dodge: Dodged            |    14 |    15 ||    29
